 Dungeon Crawl Stone Soup version 0.29-a0-993-g4a18f31a58 (webtiles) character file.

Game seed: 15466022602998952896

54 avis the Chiller (level 3, -1/29 HPs)
             Began as a Demigod Ice Elementalist on Aug 2, 2022.
             Killed by divine providence
             ... invoked by an orc priest
              (14 damage)
             ... on level 3 of the Dungeon.
             The game lasted 00:11:03 (2404 turns).

avis the Chiller (Demigod Ice Elementalist)         Turns: 2404, Time: 00:11:03

Health: -1/29      AC:  3    Str: 15    XL:     3   Next: 44%
Magic:  8/8        EV: 12    Int: 17    God:
Gold:   84         SH:  0    Dex: 18    Spells: 2/6 levels left

rFire   . . .      SeeInvis .   a - +0 sling
rCold   . . .      Faith    .   (no shield)
rNeg    . . .      Spirit   .   c - +0 robe
rPois   .          Reflect  .   q - +1 hat
rElec   .          Harm     .   (no cloak)
rCorr   .          Rampage  .   (no gloves)
Will    .....                   (no boots)
Stlth   ++........              i - amulet of the acrobat
HPRegen 0.09/turn               p - +6 ring of strength
MPRegen 0.11/turn               (no ring)

@: no status effects
A: high MP 1, forlorn, divine attributes
a: no special abilities


You were on level 3 of the Dungeon.
You visited 1 branch of the dungeon, and saw 3 of its levels.

You collected 84 gold pieces.

Inventory:

Hand Weapons
 a - a +0 sling (weapon)
 b - a +0 short sword
 h - a +0 long sword
Missiles
 j - 4 boomerangs
Armour
 c - a +0 robe (worn)
 q - a +1 hat (worn)
Jewellery
 e - an amulet of reflection
 i - an amulet of the acrobat (around neck)
 n - a ring of fire
 p - a +6 ring of strength (left hand)
Scrolls
 d - a scroll of torment {unknown}
 g - a scroll of teleportation {unknown}
 l - a scroll of poison {unknown}
Potions
 f - a potion of flight {unknown}
 k - a potion of brilliance {unknown}
 m - a potion of invisibility {unknown}
 o - 2 potions of magic


   Skills:
 * Level 2.1 Fighting
 - Level 2.0 Dodging
 - Level 2.0 Stealth
 - Level 2.0 Spellcasting
 - Level 4.0 Ice Magic


You had 2 spell levels left.
You knew the following spells:

 Your Spells              Type           Power      Damage    Failure   Level
a - Freeze                Ice            60%        1d8       3%          1
o - Ozocubu's Armour      Ice            15%        N/A       11%         3

Your spell library contained the following spells:

 Spells                   Type           Power      Damage    Failure   Level
 Frozen Ramparts          Ice            30%        1d11      11%         3
 Hailstorm                Conj/Ice       8%         3d4       63%         4


Dungeon Overview and Level Annotations

Branches:
Dungeon (3/15)

Annotations:
D:1 potion behing statuary


Innate Abilities, Weirdness & Mutations

You have an increased reservoir of magic. (+10% MP)
You shall have no god before yourself.
Your divine heritage dramatically boosts your attributes as you level up.


Message History

You freeze the rat.
You kill the rat!
Fire: a) +0 sling
Press: ? - help, Q - select action, (/) - cycle Shift-Dir - straight line, f - bat
Aim: a bat (asleep, 98% to hit)
You shoot a sling bullet. The sling bullet hits the bat.
You kill the bat!
An orc comes into view. It is wielding a +0 hand axe.
An orc comes into view.
It is wielding a +0 hand axe of distortion.
You see here a potion of magic.
o - 2 potions of magic (gained 1)
The orc shouts!
You hear a shout!
An orc comes into view. It is wielding a +0 mace.
There is a stone staircase leading up here.
Fire: a) +0 sling
Press: ? - help, Q - select action, (/) - cycle Shift-Dir - straight line, f - orc
Aim: an orc, wielding a +0 hand axe of distortion and wearing a +0 ring mail (63% to hit)
You shoot a sling bullet. The sling bullet hits the orc.
The orc is almost dead.
Fire: a) +0 sling
Press: ? - help, Q - select action, (/) - cycle Shift-Dir - straight line, f/p - orc
Aim: an orc, wielding a +0 hand axe of distortion and wearing a +0 ring mail (almost dead, 63% to hit)
You shoot a sling bullet.
The sling bullet hits the orc but does no damage.
An orc priest comes into view. It is wielding a +0 flail.
Fire: a) +0 sling
Press: ? - help, Q - select action, (/) - cycle Shift-Dir - straight line, f/p - orc
Aim: an orc, wielding a +0 hand axe of distortion and wearing a +0 ring mail (almost dead, 63% to hit)
You shoot a sling bullet. The orc priest shouts!
The sling bullet hits the orc.
You kill the orc!
You hear a shout!
The orc priest calls down the wrath of Beogh upon you.
Beogh smites you!
Ouch! That really hurt!
The orc closely misses you.
The orc priest calls down the wrath of Beogh upon you.
Beogh smites you!
You die...

#.#..#
..#.o#
#.#####.#..#
...........#
.# ##....#.#
...#..)..#.#
#.........#
##....o...##
#....@....#
##.....##.#
#.......#.#
#$...$..# .
#!......# #
##.....##
##...##
#####


You could see an orc priest and an orc.

Vanquished Creatures
  A worm (D:2)
  A dart slug (D:1)
  An orc (D:3)
  4 endoplasms
  3 giant cockroaches
  7 hobgoblins
  3 jackals (D:1)
  A quokka (D:1)
  3 ball pythons
  5 bats
  A frilled lizard (D:2)
  5 goblins
  4 kobolds (D:1)
  5 rats
44 creatures vanquished.

Notes
Turn   | Place    | Note
-------+----------+-------------------------------------------
     0 | D:1      | avis the Demigod Ice Elementalist began the quest for the
                  | Orb.
     0 | D:1      | Reached XP level 1. HP: 14/14 MP: 5/5
   166 | D:1      | Reached skill level 1 in Fighting
   645 | D:1      | Reached XP level 2. HP: 23/23 MP: 5/7
  1581 | D:2      | Reached XP level 3. HP: 29/29 MP: 4/8
  1585 | D:2      | Learned a level 3 spell: Ozocubu's Armour
  1860 | D:2      | Reached skill level 4 in Ice Magic
  2404 | D:3      | Killed from afar by an orc priest

Illustrated notes

Levels and vault maps discovered:
D:1:      tarquinn_simple_flora_water_c, layout_basic, minmay_misc_feat_tiny,
          st_stairs_7, fountainhead, minmay_statues_item
D:2:      layout_basic
D:3:      layout_rooms, mainiacjoe_overflow_cross_hatched,
          cheibrodos_sewer_entry_drain, dreamdust_ecumenical_altar_sealed_demon

Skill      XL: |  1  2  3 |
---------------+----------+-----
Fighting       | 1 2 |  2.1
Spellcasting   | 2 |  2.0
Ice Magic      | 4 |  4.0
Dodging        | 2 |  2.0
Stealth        | 2 |  2.0

Action                   || total
-------------------------++-------
Melee: Short sword       ||     7
 Fire: Sling             ||    23
 Cast: Freeze            ||    50
 Stab: Sleeping          ||     4
Armor: Robe              ||     5
Dodge: Dodged            ||    25

Table legend: (Time is in decaauts)
 A = Elapsed time spent in this place.
 B = Non-inter-level travel time spent in this place.
 C = Inter-level travel time spent in this place.
 D = Time resting spent in this place.
 E = Time spent auto-exploring this place.
 F = Levels seen in this place.
 G = Mean time per level.
                   A        B        C        D        E       F      G
               +--------+--------+--------+--------+--------+-----+--------+
         Total |   2412 |   2242 |    170 |    640 |   1259 |   3 |  804.0 |
       Dungeon |   2412 |   2242 |    170 |    640 |   1259 |   3 |  804.0 |
               +--------+--------+--------+--------+--------+-----+--------+

Top non-repeatable levels by time:
     D:1: 1464 daAuts
     D:2: 932 daAuts
     D:3: 16 daAuts
